 Dungeon Crawl Stone Soup version 0.21-a0-95-g06f091e (webtiles) character file.

28294 grindst0ne the Alchemist (level 13, -10/111 HPs)
             Began as a Merfolk Transmuter on July 4, 2017.
             Was the Champion of Okawaru.
             Mangled by a reaper
             ... wielding a +1 scythe of freezing
              (42 damage)
             ... in an ice cave.
             The game lasted 00:45:45 (19147 turns).

grindst0ne the Alchemist (Merfolk Transmuter)      Turns: 19147, Time: 00:45:45

Health: -10/111    AC:  7    Str: 15    XL:     13   Next: 37%
Magic:  15/20      EV: 18    Int: 16    God:    Okawaru [******]
Gold:   1056       SH:  0    Dex: 14    Spells: 7/22 levels left

rFire    x . .     SeeInvis .     - Unarmed
rCold    + + +     Gourm    +   (shield currently unavailable)
rNeg     . . .     Faith    .   (armour currently unavailable)
rPois    +         Spirit   .   (helmet currently unavailable)
rElec    .         Reflect  .   (cloak currently unavailable)
rCorr    .         Harm     .   (gloves currently unavailable)
MR       .....                  (boots currently unavailable)
Stlth    +.........             J - amulet of the gourmand
HPRegen  0.28/turn              n - +3 ring of slaying
MPRegen  0.17/turn              N - +3 ring of intelligence

@: ice-form
A: (change form in water), (swift swim), (stealthy swim)
a: End Transformation, Heroism, Finesse, Renounce Religion


You were in an ice cave.
You worshipped Okawaru.
Okawaru was exalted by your worship.
You were very full.
You were a creature of crystalline ice.
You visited 3 branches of the dungeon, and saw 16 of its levels.
You also visited: Sewer and Ice Cave.

You collected 1056 gold pieces.

Inventory:

Hand Weapons
 Y - a +3 executioner's axe of freezing
Missiles
 H - 2 throwing nets (quivered)
 I - 24 arrows
Armour
 q - a +1 leather armour of cold resistance
 u - a +2 pair of gloves (melded)
 M - a +1 leather armour of fire resistance (melded)
 O - a +2 pair of boots of stealth (melded)
 Q - a +0 troll leather armour
 R - a +1 helmet of see invisible (melded)
Jewellery
 n - a +3 ring of slaying (left front paw)
 J - an amulet of the gourmand (around neck)
 N - a +3 ring of intelligence (right front paw)
Wands
 z - a wand of iceblast (0/15)
 A - a wand of polymorph (19/24)
 C - a wand of iceblast (9/15)
 P - a wand of acid (8/15)
 T - a wand of polymorph (18/24)
 X - a wand of lightning (9/15)
Scrolls
 b - 3 scrolls of fear {unknown}
 e - 6 scrolls of teleportation
 g - 3 scrolls of blinking
 h - 2 scrolls of remove curse
 r - 2 scrolls of magic mapping
 t - 2 scrolls of fog {unknown}
 w - 5 scrolls of amnesia
 y - a scroll of random uselessness {unknown}
 G - 7 scrolls of enchant armour
 K - a scroll of immolation {unknown}
 U - 2 scrolls of identify
 V - a scroll of enchant weapon {unknown}
Potions
 a - a potion of magic
 i - 8 potions of flight
 j - 4 potions of ambrosia
 o - 4 potions of curing
 p - 3 potions of mutation
 s - 3 potions of might
 v - a potion of berserk rage
 B - 3 potions of lignification
 D - 6 potions of heal wounds
 E - 4 potions of agility
 F - 3 potions of brilliance
 W - a potion of resistance
 Z - a potion of haste {unknown}
Books
 c - a book of Changes

   Spells                             Type                      Level
   a - Beastly Appendage              Transmutation                1
   b - Sticks to Snakes               Transmutation                2
   c - Spider Form                    Transmutation/Poison         3
   d - Ice Form                       Ice/Transmutation            4
   e - Blade Hands                    Transmutation                5
 f - a book of Dreams

   Spells                             Type                      Level
   a - Ensorcelled Hibernation        Hexes/Ice                    2
   b - Silence                        Hexes/Air                    5
   c - Darkness                       Hexes                        6
   d - Shadow Creatures               Summoning                    6
 x - a book of Minor Magic

   Spells                             Type                      Level
   a - Magic Dart                     Conjuration                  1
   b - Blink                          Translocation                2
   c - Call Imp                       Summoning                    2
   d - Slow                           Hexes                        2
   e - Conjure Flame                  Conjuration/Fire             3
   f - Mephitic Cloud                 Conjuration/Poison/Air       3
 L - a book of Transfigurations

   Spells                             Type                      Level
   a - Irradiate                      Conjuration/Transmutation    5
   b - Statue Form                    Transmutation/Earth          6
   c - Hydra Form                     Transmutation                6
   d - Dragon Form                    Transmutation                7
 S - a book of Necromancy

   Spells                             Type                      Level
   a - Pain                           Necromancy                   1
   b - Animate Skeleton               Necromancy                   1
   c - Vampiric Draining              Necromancy                   3
   d - Regeneration                   Charms/Necromancy            3
   e - Animate Dead                   Necromancy                   4
   f - Control Undead                 Necromancy                   4
Comestibles
 d - 11 bread rations
 k - 7 meat rations
 l - 9 royal jellies
 m - 5 fruits


   Skills:
 * Level 6.1 Fighting
 - Level 13.1 Dodging
 - Level 13.1 Unarmed Combat
 - Level 5.0 Spellcasting
 - Level 16.0 Transmutations
 + Level 6.7 Invocations


You had 7 spell levels left.
You knew the following spells:

 Your Spells              Type           Power        Failure   Level  Hunger
a - Beastly Appendage     Tmut           ######       1%          1    None
b - Sticks to Snakes      Tmut           ######..     1%          2    #......
c - Spider Form           Tmut/Pois      ####......   1%          3    ###....
d - Blade Hands           Tmut           ######....   1%          5    ######.
e - Ice Form              Ice/Tmut       ####....     5%          4    ####...


Dungeon Overview and Level Annotations

Branches:
Dungeon (10/15)            Temple (1/1) D:5            Lair (5/6) D:9
 Shoals (0/4) Lair:4       Spider (0/4) Lair:2        Slime (0/5) Lair:5
    Orc (0/2) D:9

Altars:
Ashenzari
Cheibriados
Dithmenos
Elyvilon
Fedhas
Gozag
Hepliaklqana
Kikubaaqudgha
Makhleb
Nemelex Xobeh
Okawaru
Qazlal
Ru
Sif Muna
Trog
Uskayaw
Vehumet
Wu Jian
Xom
Yredelemnul
Zin
The Shining One

Portals:
Trove: D:10 (give +5 fire dragon scales)

Annotations:
Lair:5 exclusion: oklob plant


Innate Abilities, Weirdness & Mutations

((You revert to your normal form in water.))
((You are very nimble and swift while swimming.))
((You are very stealthy in the water. (Stealth+)))
((You are partially covered in molten scales. (AC +2)))


Message History

Your +1 leather armour of fire resistance melds into your body.
You feel less perceptive.
You feel less stealthy.
You feel less resistant to fire.
You are engulfed in freezing vapours.
You resist.
You are engulfed in freezing vapours.
You resist.
A reaper comes into view. It is wielding a scythe of freezing.
Found 31 gold pieces.
The reaper hits you from afar with a scythe of freezing!!
* * * LOW HITPOINT WARNING * * *
The reaper freezes you.
* * * LOW HITPOINT WARNING * * *
Found a fine war axe.
The reaper misses you.
Found 35 gold pieces.
Casting: Ice Form
Confirm with . or Enter, or press ? or * to list all spells.
You create 2 snakes!
You now have 24 arrows.
You swap places.
The reaper hits you with a scythe of freezing!!!
You die...

..## ##..≈....#
...# #......§.#
#..###....§§§###
##..#.....#§#§.#
)##......##§#..##
.##....###§.#§..#
.###...#§§§§....##
## #...#.§§§§....#
## ##
#...#§§.####.Y#.$#
.#
#...§.§§§§§..S2.)#
.#
#..#§§§§§§§...#S$#
.#
##.##§§#.#..#.#.##
.# # #..### # .##
##. ..# #. ..# ##
..##


You could see a reaper, a friendly water moccasin and a friendly adder.

Vanquished Creatures
  Erica (D:8)
  5 two-headed ogres
  An ugly thing (D:10)
  Pikel (D:9)
  An orb spider (Lair:2)
  A cyclops (D:6)
  2 ice statues (IceCv)
  5 black mambas
  Joseph (D:9)
  Psyche (D:8)
  2 molten gargoyles (Lair:4)
  6 spiny frogs
  2 komodo dragons
  6 ice devils (IceCv)
  A redback zombie (D:10)
  2 hellwings (D:10)
  A troll (D:10)
  A polar bear (Lair:4)
  2 hornets
  Prince Ribbit (D:8)
  6 hippogriffs
  A meliai zombie (D:10)
  A blink frog (Lair:3)
  2 wyverns
  A spriggan (D:7)
  9 yaks
  3 basilisks
  3 water moccasins
  6 porcupines
  2 sky beasts (D:9)
  9 ice beasts
  A phantom (D:7)
  2 slaves (D:9)
  10 ogres
  2 black bears
  2 necrophages
  3 centaurs
  7 crocodiles
  2 big kobolds
  A gnoll sergeant (D:7)
  6 bullfrogs
  2 wyvern zombies
  2 scorpions
  13 killer bees
  6 wights
  An electric eel (Lair:1)
  The ghost of 4thArraOfDagon the Digger, a weakling OpEE (D:5)
  2 howler monkeys (D:7)
  2 crimson imps
  4 centaur zombies
  5 lava snakes (Lair:4)
  A quasit (D:9)
  A hound (D:9)
  2 jellies (D:10)
  2 orc priests (D:8)
  6 orc wizards
  4 centaur skeletons
  2 bullfrog skeletons
  2 iguanas
  4 worker ants
  A hound skeleton (D:9)
  4 gnolls (D:7)
  11 adders
  A howler monkey skeleton (D:7)
  10 river rats
  7 shadow imps
  7 white imps (IceCv)
  6 ufetubi (IceCv)
  2 oozes (D:2)
  2 adder skeletons
  An adder zombie (D:5)
  A worm (D:3)
  6 leopard geckos
  17 orcs
  8 giant cockroaches
  8 goblins
  4 hobgoblins
  9 jackals
  14 kobolds
  5 quokkas
  4 ball pythons
  5 bats
  7 frilled lizards
  18 rats
342 creatures vanquished.

Vanquished Creatures (collateral kills)
  A hydra (Lair:2)
  A two-headed ogre (D:6)
  3 blink frogs (Lair:3)
  A wyvern (D:5)
  3 yaks
  2 ogres
  A crocodile (Lair:3)
  3 big kobolds (Sewer)
  6 killer bees (D:10)
  2 crimson imps
  A worker ant (D:9)
  5 adders
  A worm (D:3)
  An orc (D:7)
  2 ball pythons
  2 goblins
  2 jackals (D:5)
  5 kobolds
  2 frilled lizards
  A leopard gecko zombie (D:4)
  9 rats
  A plant (Lair:1)
55 creatures vanquished.

Vanquished Creatures (others)
  4 white imps (IceCv)
  4 ufetubi (IceCv)
  A plant (Lair:5)
9 creatures vanquished.

Grand Total: 406 creatures vanquished

Notes
Turn   | Place    | Note
-------+----------+-------------------------------------------
     0 | D:1      | grindst0ne the Merfolk Transmuter began the quest for the Orb.
     0 | D:1      | Reached XP level 1. HP: 15/15 MP: 3/3
   136 | D:1      | Reached XP level 2. HP: 9/21 MP: 5/5
   387 | D:1      | Reached skill level 3 in Transmutations
   422 | D:1      | Learned a level 2 spell: Sticks to Snakes
   675 | D:1      | Reached XP level 3. HP: 18/27 MP: 3/6
  1290 | D:2      | Gained mutation: You are partially covered in molten scales. (AC +2) [potion of mutation]
  1469 | D:2      | Found an opulent altar of Gozag.
  1552 | D:2      | Reached skill level 4 in Transmutations
  1676 | D:2      | Reached XP level 4. HP: 31/33 MP: 7/7
  2144 | D:3      | Learned a level 3 spell: Spider Form
  2250 | D:3      | Noticed a necrophage
  2261 | D:3      | Killed a necrophage
  2261 | D:3      | Reached XP level 5. HP: 36/41 MP: 2/8
  2366 | D:3      | Noticed a big kobold
  2377 | D:3      | Killed a big kobold
  2377 | D:3      | Reached skill level 5 in Unarmed Combat
  2377 | D:3      | Reached skill level 5 in Transmutations
  2377 | D:3      | Reached XP level 6. HP: 44/47 MP: 7/9
  3480 | D:5      | Entered Level 5 of the Dungeon
  3480 | D:5      | Noticed 4thArraOfDagon's ghost (weakling OpEE)
  3489 | D:5      | Killed 4thArraOfDagon's ghost
  3489 | D:5      | Reached skill level 6 in Transmutations
  3497 | D:5      | Reached XP level 7. HP: 47/54 MP: 2/10
  3556 | D:5      | Found a staircase to the Ecumenical Temple.
  3576 | Temple   | Entered the Ecumenical Temple
  4022 | Temple   | Became a worshipper of Warmaster Okawaru
  4151 | D:5      | Got an ancient ring mail
  4162 | D:5      | Identified the +2 ring mail of Dauxefu {Int+3} (You found it on level 5 of the Dungeon)
  4563 | D:5      | Noticed a wyvern
  4572 | D:5      | Killed a wyvern
  4572 | D:5      | Reached skill level 7 in Transmutations
  5184 | D:6      | Reached * piety under Okawaru
  5214 | D:6      | Found a glowing drain.
  5240 | Sewer    | Entered a sewer
  5335 | Sewer    | Reached XP level 8. HP: 33/60 MP: 6/11
  5340 | Sewer    | Reached skill level 8 in Transmutations
  6219 | D:6      | Reached skill level 9 in Transmutations
  6354 | D:6      | Reached ** piety under Okawaru
  6574 | D:6      | Noticed a two-headed ogre
  6586 | D:6      | Killed a two-headed ogre
  6586 | D:6      | Reached skill level 10 in Transmutations
  6586 | D:6      | Reached XP level 9. HP: 56/65 MP: 4/12
  6680 | D:6      | Reached skill level 11 in Transmutations
  6771 | D:6      | Noticed a cyclops
  6782 | D:6      | Killed a cyclops
  6782 | D:6      | Reached *** piety under Okawaru
  6928 | D:6      | Learned a level 5 spell: Blade Hands
  6963 | D:6      | Reached skill level 10 in Unarmed Combat
  7545 | D:7      | Reached **** piety under Okawaru
  7545 | D:7      | Reached skill level 12 in Transmutations
  7699 | D:7      | Reached XP level 10. HP: 68/71 MP: 5/13
  8704 | D:8      | Noticed Erica
  8720 | D:8      | Killed Erica
  8720 | D:8      | Reached skill level 13 in Transmutations
  9307 | D:8      | Reached ***** piety under Okawaru
  9699 | D:8      | Noticed Psyche
  9711 | D:8      | Killed Psyche
  9763 | D:8      | Noticed Prince Ribbit
  9777 | D:8      | Killed Prince Ribbit
 10158 | D:8      | Noticed a two-headed ogre
 10173 | D:8      | Killed a two-headed ogre
 10173 | D:8      | Received a gift from Okawaru
 10173 | D:8      | Reached skill level 14 in Transmutations
 10413 | D:9      | Noticed a two-headed ogre
 10415 | D:9      | Reached XP level 11. HP: 69/77 MP: 4/14
 10424 | D:9      | Killed a two-headed ogre
 10720 | D:9      | Noticed Joseph
 10744 | D:9      | Killed Joseph
 11412 | D:9      | Found a staircase to the Lair.
 11484 | D:9      | Found a staircase to the Orcish Mines.
 11545 | D:9      | Noticed Pikel
 11562 | D:9      | Killed Pikel
 11562 | D:9      | Reached skill level 15 in Transmutations
 11645 | D:10     | Entered Level 10 of the Dungeon
 11673 | D:10     | Received a gift from Okawaru
 11676 | D:10     | Reached skill level 5 in Dodging
 11697 | D:10     | Reached ****** piety under Okawaru
 11702 | D:10     | HP: 3/77 [wolf spider zombie (15)]
 11702 | D:10     | HP: 1/77 [shadow imp (2)]
 11965 | D:9      | Paralysed by a hornet for 3 turns
 11974 | D:9      | Received a gift from Okawaru
 11977 | D:9      | Got a smoking dire flail {god gift}
 11979 | D:9      | Identified the +6 dire flail "Rujixzoq" {drain, Str+4} (Okawaru gifted it to you on level 9 of the Dungeon)
 12151 | D:10     | Noticed a two-headed ogre
 12156 | D:10     | Killed a two-headed ogre
 12464 | D:10     | Found a portal to a secret trove of treasure.
 12512 | D:10     | Noticed a white ugly thing
 12523 | D:10     | Killed a white ugly thing
 12523 | D:10     | Reached XP level 12. HP: 45/83 MP: 7/15
 12839 | D:10     | Noticed a two-headed ogre
 12850 | D:10     | Killed a two-headed ogre
 12850 | D:10     | Reached skill level 16 in Transmutations
 12963 | D:10     | Noticed a two-headed ogre
 12969 | D:10     | Killed a two-headed ogre
 12969 | D:10     | Received a gift from Okawaru
 12969 | D:10     | Reached skill level 1 in Invocations
 13064 | Lair:1   | Entered Level 1 of the Lair of Beasts
 13458 | Lair:1   | Learned a level 4 spell: Ice Form
 13623 | Lair:1   | Reached skill level 10 in Dodging
 14926 | Lair:2   | Noticed a seven-headed hydra
 14934 | Lair:2   | Killed a seven-headed hydra
 15494 | Lair:2   | Found a hole to the Spider Nest.
 16392 | Lair:3   | Reached skill level 5 in Invocations
 16906 | Lair:3   | Reached XP level 13. HP: 36/88 MP: 15/19
 17444 | Lair:4   | Found a staircase to the Shoals.
 17734 | Lair:4   | Received a gift from Okawaru
 17764 | Lair:4   | Reached skill level 5 in Spellcasting
 18423 | Lair:5   | Found a frozen archway.
 18446 | Lair:5   | Reached skill level 5 in Fighting
 18460 | IceCv    | Entered an ice cave
 19143 | IceCv    | Noticed a reaper
 19147 | IceCv    | Mangled by a reaper

Vault maps used:
D:1:      elethiomel_arrival_infinity_welcomes_careful_drivers, minivault_14,
          minmay_tromino_v2
D:2:      grunt_gozag_breadcrumbs
D:3:      first_bread
D:5:      temple_pool_b
D:6:      portal_sewer_entry_e, nicolae_benzene_ring, minmay_small_thing
D:7:      kennysheep_cross_bottleneck, the_bakery
D:8:      minivault_14, uniq_erica, uniq_prince_ribbit1, uniq_psyche
D:9:      lair_entry_dummy, uniq_pikel, uniq_joseph
D:10:     cheibrodos_grave_circle, nicolae_trove_entry_free_sample
Temple:   nicolae_temple_the_god_donut
Lair:1:   grunt_megastairs_2, serial_bayou_shore_a
Lair:2:   nicolae_spider_entry_orb_guardian, serial_bayou_shore_b
Lair:4:   cheibrodos_magma_flow, shoals_dummy_entry
Lair:5:   minmay_guarded_unrand_snakebite, minmay_slime_entry_oklob_open,
          serial_forest, infiniplex_forest_lined_2,
          infiniplex_forest_clump_small, infiniplex_forest_clump_long,
          infiniplex_forest_straight_4, infiniplex_forest_clump_tiny,
          portal_ice_cave_entry_ice_beasts, nicolae_quartered_pool_little,
          minmay_lair_oklob_chamber, uniq_snorg
Sewer:    sewer_minmay_treatment
IceCv:    ice_cave_small_demon

Skill      XL: |  1  2  3  4  5  6  7  8  9 10 11 12 13 |
---------------+----------------------------------------+-----
Transmutations | 3 4 5 6 7 10 12 14 15 16 | 16.0
Fighting       | 2 3 4 6 |  6.1
Unarmed Combat | 4 5 6 9 10 12 13 | 13.1
Dodging        | 8 12 13 | 13.1
Invocations    | 5 6 |  6.7
Spellcasting   | 4 5 |  5.0

Action                   |  1- 3 |  4- 6 |  7- 9 | 10-12 | 13-15 || total
-------------------------+-------+-------+-------+-------+-------++-------
Melee: Unarmed           |   116 |    90 |   244 |   434 |   180 ||  1064
       Headbutt          |     5 |     5 |     2 |     1 |       ||    13
       Punch             |       |       |     6 |    10 |       ||    16
 Cast: Beastly Appendage |    10 |     8 |     6 |     2 |       ||    26
       Sticks to Snakes  |     7 |    22 |    48 |    37 |     4 ||   118
       Spider Form       |       |     2 |    11 |     1 |       ||    14
       Blade Hands       |       |       |     7 |    39 |     3 ||    49
       Ice Form          |       |       |       |    16 |    17 ||    33
Evoke: Wand              |       |       |     3 |     1 |       ||     4
  Use: Potion            |     2 |       |       |     5 |       ||     7
       Scroll            |       |       |     6 |    13 |     1 ||    20
 Stab: Sleeping          |     2 |       |     1 |     3 |       ||     6
       Distracted        |       |       |     6 |       |       ||     6
  Eat: Chunk             |     3 |     8 |    21 |    66 |    10 ||   108
Armor: Robe              |    27 |     3 |       |       |       ||    30
       Leather armour    |       |    22 |   102 |   106 |     4 ||   234
       Skin              |       |       |       |    11 |    38 ||    49
Dodge: Dodged            |    83 |    73 |   193 |   303 |   141 ||   793
